Map: Dusty Gorge

Players

StalinLove

  • Race: Protoss Protoss
  • Spawn Location: 11:00

MyShortWaySC

  • Race: Terran Terran
  • League: Master
  • Spawn Location: 9:00

Rabbit - Winner!

  • Race: Zerg Zerg
  • League: Diamond
  • Spawn Location: 3:00

PureLegacy - Winner!

  • Race: Terran Terran
  • Spawn Location: 5:00

VOD

Have the link to the VOD?

Description

Time

  • Played on: Nov. 28, 2018, 1:16 p.m.
  • Length: 3:28
Show
View Real Time Build Order
Export as new Build Order

StalinLove Protoss 

Build Orders:  

Get SALT Encoding   

  12  0:01  Probe  
  13  0:09  Probe  
  14  0:17  Probe  
  14  0:24  Pylon  
  15  0:42  Gateway, Probe  
  16  0:45  Assimilator  
  16  0:52  Assimilator  
  16  0:54  Probe  
  17  1:02  Pylon  
  17  1:05  Probe  
  18  1:13  Probe  
  19  1:23  Probe  
  19  1:30  Cybernetics Core  
  20  1:35  Probe  
  21  1:47  Probe  
  21  1:52  Forge  
  22  2:16  Nexus  
  22  2:37  Stargate  
  22  2:39  Stargate  
  22  2:57  Photon Cannon  
  22  3:03  Photon Cannon  
Show
View Real Time Build Order
Export as new Build Order

MyShortWaySC Terran 

Build Orders: Gas First Reaper Expand 

Get SALT Encoding   

  12  0:01  SCV  
  13  0:14  SCV  
  14  0:18  Supply Depot  
  14  0:26  SCV  
  15  0:32  Refinery  
  15  0:40  SCV  
  16  0:46  Barracks  
  16  0:52  SCV  
  17  1:04  SCV  
  18  1:16  SCV  
  19  1:33  Orbital Command  
  19  1:34  Reaper  
  20  1:48  Command Center  
  20  1:54  Barracks  
  20  1:59  SCV  
  21  2:06  Supply Depot  
  21  2:11  SCV  
  21  2:13  Barracks Reactor  
  22  2:23  Barracks  
  22  2:27  SCV  
  23  2:40  SCV  
  24  2:48  Barracks Tech Lab  
  23  2:52  SCV  
  23  2:53  Marine x2  
  26  3:04  SCV  
Show
View Real Time Build Order
Export as new Build Order

Rabbit Zerg - Winner!

Build Orders: Pool First 

Get SALT Encoding   

  12  0:01  Drone  
  13  0:14  Overlord  
  13  0:19  Drone  
  14  0:32  Drone x2  
  16  0:40  Extractor  
  15  0:46  Spawning Pool  
  15  0:49  Drone  
  15  0:53  Drone  
  16  0:58  Drone  
  17  1:13  Drone  
  18  1:22  Overlord  
  18  1:33  Queen  
  18  1:34  Zergling x2  
  21  1:51  Zergling x2  
  22  1:54  Hatchery  
  22  1:57  Metabolic Boost  
  21  2:08  Zergling x2  
  21  2:09  Zergling x2  
  21  2:14  Overlord  
  23  2:33  Zergling x2  
  23  2:36  Queen  
  25  2:48  Zergling x2  
  25  2:49  Zergling x6  
  29  2:56  Zergling x2  
  30  3:03  Zergling x2  
Show
View Real Time Build Order
Export as new Build Order

PureLegacy Terran - Winner!

Build Orders:  

Get SALT Encoding   

  12  0:01  SCV  
  13  0:13  SCV  
  14  0:18  Supply Depot  
  14  0:28  SCV  
  15  0:32  Refinery  
  15  0:40  SCV  
  16  0:48  Barracks  
  16  0:52  SCV  
  17  1:03  Barracks  
  17  1:17  Barracks  
  17  1:20  SCV  
  18  1:35  Reaper  
  18  1:39  Orbital Command  
  19  1:48  Refinery  
  19  1:51  Reaper  
  20  2:05  Supply Depot  
  20  2:14  Reaper x2  
  22  2:16  SCV  
  23  2:27  Reaper  
  23  2:29  Supply Depot  
  24  2:32  SCV  
  25  2:46  Reaper x2  
  25  2:47  SCV  
  28  2:59  SCV  
  30  3:19  Command Center  
Tags
 
Add a new tag
Caveats
  • Supply blocks, unpowered buildings, or Contaminate may cause inaccurate times.
  • Supply counts are checked every 10 seconds.